Match 43809321
Unlisted

Match 43809321
End
Construct Infanterie Kompanie
Pioneer Squad
Grenadier Squad
MG 42 Machine Gun Team
MG 42 Machine Gun Team
Infanterie Officer Quarters
Medical Station
GrW 34 Mortar Team
Construct Panzergrenadier Kompanie
Pak 40 Anti-tank Gun Team
Pak 40 Anti-tank Gun Team
Panzergrenadier Officer Quarters
Panzergrenadier Squad
Construct Panzer Kompanie
Sturmpanzer IV Brummbär
Side Skirts
austinZeroThree
Lilfuture
HighPraetorian
!_MMX_!
0
0

Comments sign in to comment!

No comments posted yet!